 Dungeon Crawl Stone Soup version 0.26.1-2-gb8aa6d0cf2 (webtiles) character file.

Game seed: 8358809671388186351

975 vatarom the Poker (level 8, -10/60 HPs)
             Began as a Merfolk Summoner on Feb 15, 2021.
             Mangled by a two-headed ogre
             ... wielding a +0 giant club
              (30 damage)
             ... on level 6 of the Dungeon on Feb 16, 2021.
             The game lasted 00:15:17 (9825 turns).

vatarom the Poker (Merfolk Summoner)                Turns: 9825, Time: 00:15:18

Health: -10/60     AC:  4    Str: 10      XL:     8   Next: 16%
Magic:  1/13       EV: 13    Int: 12 (14) God:
Gold:   164        SH:  0    Dex: 14 (15) Spells: 0/14 levels left

rFire    + . .     SeeInvis .   k - +2 halberd
rCold    + + .     Faith    .   (shield currently unavailable)
rNeg     . . .     Spirit   .   m - +1 leather armour
rPois    .         Reflect  .   (no helmet)
rElec    .         Harm     .   (no cloak)
rCorr    .         Rampage  .   (no gloves)
Will     .....                  (no boots)
Stlth    ++........             (no amulet)
HPRegen  0.20/turn              f - ring of protection from fire
MPRegen  0.13/turn              (no ring)

@: no status effects
A: change form in water, swift swim, stealthy swim, cold resistance 2
a: no special abilities


You were on level 6 of the Dungeon.
You visited 2 branches of the dungeon, and saw 7 of its levels.

You collected 276 gold pieces.
You spent 112 gold pieces at shops.

Inventory:

Hand Weapons
 k - a +2 halberd (weapon)
Armour
 m - a +1 leather armour (worn)
Jewellery
 c - an uncursed ring of fire
 f - a ring of protection from fire (left hand)
Wands
 h - a wand of acid (4) {@v2}
Scrolls
 b - 6 scrolls of identify {@r1}
 d - a scroll of immolation {unknown}
 g - a scroll of fear {unknown}
 i - 3 scrolls of amnesia
 p - a scroll of teleportation {@r3}
Potions
 a - a potion of haste {@q3}
 e - a potion of heal wounds {@q2}


   Skills:
 + Level 4.3 Fighting
 * Level 6.2 Polearms
 * Level 2.4 Armour
 - Level 3.5 Dodging
 - Level 2.1 Stealth
 - Level 3.6 Spellcasting
 - Level 5.6 Summonings
 * Level 0.6 Ice Magic
 * Level 0.3 Air Magic


You couldn't memorise any spells.
You knew the following spells:

 Your Spells              Type           Power        Failure   Level
a - Summon Small Mammal   Summ           60%          3%          1
b - Call Imp              Summ           15%          4%          2
c - Call Canine Familiar  Summ           15%          9%          3
d - Summon Ice Beast      Ice/Summ       9%           63%         4
x - Summon Lightning Spi  Summ/Air       9%           65%         4

Your spell library contained the following spells:

 Spells                   Type           Power        Failure   Level
 Shock                    Conj/Air       8%           28%         1
 Summon Guardian Golem    Hex/Summ       8%           28%         3
 Animate Skeleton         Necr           4%           30%         1
 Apportation              Tloc           4%           30%         1
 Beastly Appendage        Tmut           4%           30%         1
 Corona                   Hex            2%           30%         1
 Swiftness                Air            3%           36%         2
 Wereblood                Tmut           2%           43%         2
 Static Discharge         Conj/Air       2%           63%         3
 Spider Form              Tmut/Pois      1%           67%         3
 Airstrike                Air            1%           95%         4
 Ice Form                 Ice/Tmut       3%           95%         4
 Blade Hands              Tmut           1%           100%        5
 Lightning Bolt           Conj/Air       1%           100%        5


Dungeon Overview and Level Annotations

Branches:
Dungeon (6/15)             Temple (1/1) D:5

Altars:
Ashenzari
Cheibriados
Dithmenos
Elyvilon
Fedhas
Kikubaaqudgha
Makhleb
Nemelex Xobeh
Okawaru
Qazlal
Ru
Sif Muna
Trog
Uskayaw
Vehumet
Wu Jian
Yredelemnul
Zin
The Shining One

Shops:
D:4 =?*!:   D:6 *[=:

Annotations:
D:6 exclusion: black bear


Innate Abilities, Weirdness & Mutations

You revert to your normal form in water.
You are very nimble and swift while swimming.
You are very stealthy in the water. (Stealth+)
Your flesh is very cold resistant. (rC++)


Message History

The two-headed ogre hits you but does no damage.
Your crimson imp blinks!
Casting: Call Imp (safe; 4% risk of failure)
Confirm with . or Enter, or press ? or * to list all spells.
A beastly little devil appears in a puff of flame.
Casting: Call Imp (safe; 4% risk of failure)
Confirm with . or Enter, or press ? or * to list all spells.
A beastly little devil appears in a puff of flame.
Your crimson imp hits the two-headed ogre.
The two-headed ogre closely misses you. The two-headed ogre barely misses you.
Your crimson imp blinks!
Unknown command.
Your crimson imp hits the two-headed ogre.
Your crimson imp barely misses the two-headed ogre.
Casting: Call Imp (safe; 4% risk of failure)
Confirm with . or Enter, or press ? or * to list all spells.
Your crimson imp blinks!
The two-headed ogre hits you with a +0 giant club!!
Ouch! That really hurt!
You die...

#..##..#...#.####....#
#..####...............
#..# ##...........†..
#..# #[..............
#..####.....#.#.......
#..##..#..............
#...###.............#.
#...##...........#.#.
#.5.@............#.##
##§∩O.............##..
#...5h...#.#.....###..
##......########.......
##.(###..# #..###.#
##((## #..# #..# ##
#)(## ##.# #..# #.5##
#.. #.∩# #..# ##.(
##.##


You could see a two-headed ogre, a friendly hound (summoned) and 3 friendly
crimson imps.

Vanquished Creatures
  A soldier ant (D:6)
  An ice beast (D:6)
  2 ogres
  A centaur (D:6)
  A scorpion (D:5)
  A hound (D:6)
  A jelly (D:6)
  A bullfrog skeleton (D:5)
  An iguana (D:4)
  2 worker ants (D:4)
  4 adders
  A shadow imp (D:5)
  An ufetubus (D:6)
  3 worms
  A dart slug (D:1)
  4 leopard geckos
  6 orcs
  3 giant cockroaches
  7 goblins
  5 hobgoblins
  2 jackals (D:3)
  2 quokkas
  3 ball pythons
  4 bats
  5 frilled lizards
  5 kobolds (D:3)
  A quokka skeleton (D:4)
  3 rats
72 creatures vanquished.

Vanquished Creatures (collateral kills)
  Menkaure (D:5)
  Duvessa (D:5)
  Dowan (D:5)
  A hound skeleton (D:4)
  3 gnolls (D:3)
  5 adders
  A shadow imp (D:6)
  An ooze (D:2)
  3 worms
  5 orcs
  4 bats
  3 giant cockroaches (D:1)
  7 goblins
  12 hobgoblins
  5 jackals
  A quokka (D:2)
  A ball python (D:1)
  2 frilled lizards
  5 kobolds
  7 rats
69 creatures vanquished.

Vanquished Creatures (others)
  2 fungi (D:1)
2 creatures vanquished.

Grand Total: 143 creatures vanquished

Notes
Turn   | Place    | Note
-------+----------+-------------------------------------------
     0 | D:1      | vatarom the Merfolk Summoner began the quest for the Orb.
     0 | D:1      | Reached XP level 1. HP: 13/13 MP: 3/3
   471 | D:1      | Reached XP level 2. HP: 9/19 MP: 1/5
   496 | D:1      | Learned a level 2 spell: Call Imp
  1825 | D:1      | Reached XP level 3. HP: 24/24 MP: 3/6
  2487 | D:2      | HP: 1/24 [jackal (3)]
  3205 | D:2      | Found an iron altar of Okawaru.
  3209 | D:2      | Found a sacrificial altar of Ru.
  3211 | D:2      | Found a glowing silver altar of Zin.
  3607 | D:2      | Reached skill level 1 in Fighting
  3619 | D:2      | Reached skill level 5 in Summonings
  3619 | D:2      | Reached XP level 4. HP: 21/32 MP: 0/7
  3624 | D:2      | Learned a level 3 spell: Call Canine Familiar
  5271 | D:3      | Reached XP level 5. HP: 21/39 MP: 2/8
  5423 | D:3      | You fall into a shaft and drop 3 floors!
  5423 | D:6      | Found Huodenue's Jewellery Boutique.
  5424 | D:6      | Noticed a soldier ant
  5446 | D:6      | Found Vixzicagg's Antique Armour Emporium.
  5458 | D:6      | Noticed a black bear
  5656 | D:6      | Found Caisaruw's Book Emporium.
  5670 | D:6      | Noticed an ogre
  5713 | D:5      | Entered Level 5 of the Dungeon
  5724 | D:5      | Found a staircase to the Ecumenical Temple.
  5729 | D:5      | Noticed Duvessa
  5729 | D:5      | Noticed Dowan
  5733 | Temple   | Entered the Ecumenical Temple
  5994 | D:5      | Killed Duvessa
  5995 | D:5      | Reached skill level 2 in Polearms
  6016 | D:4      | Found Onguemue's Book Shoppe.
  6268 | D:4      | Found Qeopled's Distillery.
  6339 | D:4      | Found a shadowy altar of Dithmenos.
  6370 | D:4      | Bought a potion of curing for 42 gold pieces
  6370 | D:4      | Bought a potion of heal wounds for 70 gold pieces
  6398 | D:4      | Found Ubripese's Assorted Antiques.
  6410 | D:4      | Reached skill level 3 in Polearms
  6410 | D:4      | Reached XP level 6. HP: 41/47 MP: 9/9
  6438 | D:4      | Found an iron altar of Okawaru.
  6547 | D:4      | Found Garuciur's Jewellery Boutique.
  6740 | D:4      | Found Oriugasm's Magic Scroll Boutique.
  7900 | D:5      | Found an ancient bone altar of Kikubaaqudgha.
  7915 | D:5      | Reached skill level 4 in Polearms
  7988 | D:5      | Killed Dowan
  8256 | D:5      | Reached skill level 1 in Armour
  8256 | D:5      | Reached XP level 7. HP: 46/52 MP: 10/10
  8484 | D:5      | Noticed Menkaure
  8489 | D:5      | Killed Menkaure
  8597 | D:5      | Reached skill level 5 in Polearms
  9209 | D:6      | Gained mutation: Your flesh is cold resistant. (rC+)
                  | [potion of mutation]
  9209 | D:6      | Gained mutation: Your flesh is very cold resistant. (rC++)
                  | [potion of mutation]
  9218 | D:6      | Killed a soldier ant
  9387 | D:6      | Learned a level 4 spell: Summon Ice Beast
  9460 | D:6      | Noticed a nameless horror
  9645 | D:6      | Reached skill level 6 in Polearms
  9645 | D:6      | Reached XP level 8. HP: 60/60 MP: 5/13
  9650 | D:6      | Learned a level 4 spell: Summon Lightning Spire
  9790 | D:6      | Found Rimeorchu's General Store.
  9807 | D:6      | Noticed a two-headed ogre
  9825 | D:6      | Mangled by a two-headed ogre

Illustrated notes

Levels and vault maps discovered:
D:1:      dpeg_arrival_prison, layout_loops_ring
D:2:      wander_river, layout_loops_ring, nicolae_overflow_hidden_temple,
          corexii_item_surrounded_by_moat, minmay_goblin_outpost
D:3:      layout_basic
D:4:      layout_cave_pools, kennysheep_little_box, serial_shops,
          shop_fountains, shop, shop, shop, shop_fountains, okawaru_trees_2
D:5:      layout_loops_ring, kiku_gazebo_garden_becter,
          minmay_temple_entry_ruins, uniq_duvessa, uniq_menkaure
D:6:      layout_layer_cave, lemuel_crystal_altar, serial_shops, shop,
          nicolae_shop_stone, nicolae_shop_statue_plus, kennysheep_mini, shop
Temple:   dpeg_chambers_temple

Skill      XL: |  1  2  3  4  5  6  7 |
---------------+----------------------+-----
Dodging        | 3 |  3.5
Fighting       | 1 2 3 4 |  4.3
Summonings     | 5 |  5.6
Polearms       | 3 4 6 |  6.2
Armour         | 1 2 |  2.4
Spellcasting   | 3 |  3.6
Stealth        | |  2.1
Ice Magic      | |  0.6
Air Magic      | |  0.3

Action                   |  1- 3 |  4- 6 |  7- 9 || total
-------------------------+-------+-------+-------++-------
Melee: Unarmed           |   116 |       |       ||   116
       Dagger            |    44 |    93 |       ||   137
       Halberd           |       |    94 |    66 ||   160
 Cast: Summon Small Mamm |    29 |       |       ||    29
       Call Imp          |    34 |    30 |    14 ||    78
       Call Canine Famil |       |     7 |     8 ||    15
  Use: Potion            |     1 |     2 |     9 ||    12
       Scroll            |       |     5 |     2 ||     7
 Stab: Distracted        |     2 |     2 |     2 ||     6
       Sleeping          |     4 |     7 |     2 ||    13
Armor: Robe              |    22 |     9 |       ||    31
       Leather armour    |       |     6 |     9 ||    15
Dodge: Dodged            |   127 |   120 |    44 ||   291
